 Dungeon Crawl Stone Soup version 0.30-a0-4-ga7cffc901d (webtiles) character file.

Game seed: 2456720369167032755

5595 mandarbmax the Earth Mage (level 10, -7/56 HPs)
             Began as a Gargoyle Earth Elementalist on Aug 21, 2022.
             Was an Elder of Cheibriados.
             Mangled by a dire elephant (16 damage)
             ... in a bailey.
             The game lasted 00:31:11 (10944 turns).

mandarbmax the Earth Mage (GrEE)                   Turns: 10944, Time: 00:31:11

Health: -7/56      AC: 19    Str: 26 (29) XL:     10   Next: 73%
Magic:  17/17      EV: 12    Int: 30 (32) God:    Cheibriados [****..]
Gold:   252        SH:  5    Dex: 18 (20) Spells: 11/19 levels left

rFire   . . .      SeeInvis .    v - staff of conjuration
rCold   . . .      Faith    .    (no shield)
rNeg    + . .      Spirit   .    p - +0 ring mail
rPois   ∞          Reflect  +    o - +0 helmet {Int+3}
rElec   +          Harm     .    (no cloak)
rCorr   .          Rampage  .    I - +0 pair of gloves
Will    .....      Rage     3%   (no boots)
Stlth   ++........               K - amulet of reflection
HPRegen 0.18/turn                f - +6 ring of strength
MPRegen 0.15/turn                y - +4 ring of protection

@: very slow
A: sickness immunity, AC +7, negative energy resistance 1, electricity
resistance, torment resistance 1, petrification resistance, berserk 1
a: Renounce Religion, Bend Time, Temporal Distortion, Slouch


You were in a bailey.
You worshipped Cheibriados.
Cheibriados was greatly pleased with you.
You visited 1 branch of the dungeon, and saw 8 of its levels.
You also visited: Bailey.

You collected 378 gold pieces.
You spent 126 gold pieces at shops.

Inventory:

Hand Weapons
 t - a +2 hand axe of freezing
 C - a +1 quarterstaff of draining
Missiles
 E - a throwing net
Armour
 o - a +0 helmet of intelligence (worn)
 p - a +0 ring mail (worn)
 I - a +0 pair of gloves (worn)
Magical Staves
 e - a staff of air
 g - a staff of cold
 v - a staff of conjuration (weapon)
Jewellery
 f - a +6 ring of strength (left hand)
 w - a ring of see invisible
 y - a +4 ring of protection (right hand)
 D - an amulet of guardian spirit
 K - an amulet of reflection (around neck)
Wands
 z - a wand of iceblast (13)
 F - a wand of polymorph (9)
 J - a wand of flame (9)
Scrolls
 j - a scroll of vulnerability
 q - 2 scrolls of immolation
 H - a scroll of poison
Potions
 a - a potion of might
 b - a potion of magic
 c - 2 potions of heal wounds {unknown}
 d - 3 potions of mutation
 h - 2 potions of degeneration
 i - 2 potions of brilliance {unknown}
 l - a potion of flight
 n - a potion of resistance
 x - a potion of ambrosia
 A - a potion of curing
 G - a potion of lignification


   Skills:
 + Level 3.3 Fighting
 + Level 3.3 Armour
 + Level 3.3 Dodging
 - Level 2.1 Stealth
 + Level 5.0 Spellcasting
 - Level 3.0 Conjurations
 - Level 3.0 Transmutations
 - Level 15.1 Earth Magic
 + Level 1.3 Invocations
 + Level 1.1 Evocations


You had 11 spell levels left.
You knew the following spells:

 Your Spells              Type           Power      Damage    Failure   Level
a - Sandblast             Erth           100%       2d20      1%          1
b - Stone Arrow           Conj/Erth      100%       3d13      1%          3
c - Petrify               Tmut/Erth      58%        N/A       1%          4

Your spell library contained the following spells:

 Spells                   Type           Power      Damage    Failure   Level
 Passwall                 Tmut/Erth      48%        N/A       1%          2
 Poisonous Vapours        Pois/Air       14%        N/A       13%         2
 Dazzling Flash           Conj/Hex       48%        N/A       14%         3
 Corpse Rot               Necr/Pois/Air  7%         N/A       63%         4
 Agony                    Necr           7%         N/A       93%         5
 Silence                  Hex/Air        3%         N/A       93%         5


Dungeon Overview and Level Annotations

Branches:
Dungeon (8/15)             Temple (0/1) D:7          Bailey (1/1)
   Lair: D:8-11

Altars:
Cheibriados
Dithmenos
Elyvilon
Fedhas
Ru
Trog
Uskayaw
Wu Jian
Xom
Yredelemnul
Zin
The Shining One

Shops:
D:1 *   D:6 (   D:7 [


Innate Abilities, Weirdness & Mutations

You are immune to sickness and miasma.
Your stone body is resilient. (AC +7)
You are immune to poison.
You resist negative energy. (rN+)
You are resistant to electric shocks. (rElec)
You are resistant to unholy torment.
You are immune to petrification.
You sometimes lose your temper in combat.


Message History

The dire elephant is severely wounded.
You block the dire elephant's attack. x2; The dire elephant tramples you!
You hold your ground!
The dire elephant trunk-slaps you but does no damage.
Unknown command.
Casting: Sandblast (safe; 0% risk of failure)
Confirm with . or Enter, or press ? or * to list all spells.
Aiming: Sandblast (safe; 0% risk of failure)
Press: ? - help, Shift-Dir - straight line, f/p - dire elephant
Aim: a dire elephant (heavily wounded, 100% to hit)
The blast of sand hits the dire elephant but does no damage.
The dire elephant is heavily wounded.
You block the dire elephant's attack.
The dire elephant trunk-slaps you but does no damage.
Okay, then.
Okay, then.
Okay, then.
You are confused.
You feel invigorated. The dire elephant closely misses you.
The dire elephant barely misses you. The dire elephant tramples you!
You are shoved backwards!
The dire elephant tramples you!
You are shoved backwards!
The dire elephant tramples you!
* * * LOW HITPOINT WARNING * * *
You are shoved backwards!
It was a potion of degeneration.
There was something very wrong with that liquid.
You feel weakened.
You feel dopey.
You feel clumsy. The dire elephant tramples you!
* * * LOW HITPOINT WARNING * * *
You hold your ground!
The dire elephant trunk-slaps you but does no damage.
You feel better.
You feel less invigorated. The dire elephant tramples you!
* * * LOW HITPOINT WARNING * * *
You hold your ground!
The dire elephant barely misses you.
Unknown command.
Okay, then.
Okay, then.
You feel better. The dire elephant tramples you!
You die...

..# ..# ..# ..#
.### ♣♣♣♣♣♣ +#.###
♣♣....♣♣
)[...###♣♣......♣
.).....##......♣♣♣
........#......Y@♣
......).'.......♣♣
..⌠.....'..∩.∩...♣
).......'........♣
........#.......♣♣
.......##......♣♣
)....###♣.......♣
)#.### ♣♣♣...♣♣♣
.### ♣♣♣♣♣


You could see a dire elephant.

Vanquished Creatures
  Grinder (D:5)
  The ghost of drpainis the Caller, an amateur MfSu (D:6)
  Eustachio (D:5)
  Edmund (D:6)
  The ghost of Setbun the Cutter, an amateur KoBr (D:3)
  A water moccasin (D:7)
  11 orc warriors
  2 sky beasts (D:6)
  3 black bears (D:6)
  3 ice beasts
  An ogre (D:6)
  A centaur (D:7)
  A phantom (D:4)
  A kobold brigand (D:6)
  5 bullfrogs
  3 necrophages (D:5)
  2 scorpions
  3 water moccasin zombies (D:5)
  3 gnoll sergeants
  5 wights (D:7)
  3 howler monkeys
  2 bullfrog zombies (D:5)
  3 hounds
  5 orc priests
  2 centaur zombies (D:5)
  4 jellies
  A gnoll bouda (D:6)
  A human zombie (D:5)
  Ijyb (D:5)
  Terence (D:2)
  2 iguanas (D:5)
  6 orc wizards
  2 mummies (D:5)
  Robin (D:2)
  20 gnolls
  12 adders
  A shadow imp (D:6)
  7 worms
  3 dart slugs
  35 orcs
  3 endoplasms
  2 giant cockroaches
  29 goblins
  22 hobgoblins
  3 jackals (D:4)
  13 kobolds
  3 quokkas
  7 ball pythons
  2 bats
  4 frilled lizards
  7 rats
257 creatures vanquished.

Vanquished Creatures (others)
  A fungus (D:6)
  2 withered plants (D:6)
3 creatures vanquished.

Grand Total: 260 creatures vanquished

Notes
Turn   | Place    | Note
-------+----------+-------------------------------------------
     0 | D:1      | mandarbmax the Gargoyle Earth Elementalist began the quest
                  | for the Orb.
     0 | D:1      | Reached XP level 1. HP: 10/10 MP: 3/3
   491 | D:1      | Reached skill level 4 in Earth Magic
   520 | D:1      | Reached XP level 2. HP: 15/15 MP: 3/5
   936 | D:1      | Found Rolugo's General Store.
   944 | D:1      | Bought a potion of curing for 36 gold pieces
  1373 | D:2      | Noticed Terence
  1727 | D:2      | Reached XP level 3. HP: 19/19 MP: 3/6
  1758 | D:2      | You fall into a shaft and drop 2 floors!
  1948 | D:2      | Reached skill level 5 in Earth Magic
  1970 | D:2      | Killed Terence
  1971 | D:2      | Reached XP level 4. HP: 21/24 MP: 0/7
  2370 | D:2      | Noticed Robin
  2404 | D:2      | Killed Robin
  2405 | D:2      | Reached skill level 6 in Earth Magic
  2872 | D:3      | Noticed Setbun's ghost (amateur KoBr)
  2876 | D:3      | Found a runed translucent door.
  2987 | D:3      | Reached XP level 5. HP: 28/28 MP: 5/8
  3035 | D:3      | Reached skill level 7 in Earth Magic
  3167 | D:3      | Reached XP level 6. HP: 29/32 MP: 2/9
  3694 | D:4      | Learned a level 3 spell: Stone Arrow
  3699 | D:4      | Learned a level 4 spell: Petrify
  3834 | D:4      | Reached skill level 1 in Transmutations
  3834 | D:4      | Reached skill level 8 in Earth Magic
  4224 | D:4      | Reached skill level 1 in Conjurations
  4390 | D:4      | Reached XP level 7. HP: 36/36 MP: 8/10
  4565 | D:5      | Entered Level 5 of the Dungeon
  4659 | D:5      | Found a glowing silver altar of Zin.
  4912 | D:5      | Noticed Ijyb
  4915 | D:5      | Killed Ijyb
  4916 | D:5      | Reached skill level 9 in Earth Magic
  5036 | D:5      | Noticed Eustachio
  5041 | D:5      | Killed Eustachio
  5042 | D:5      | Reached XP level 8. HP: 40/41 MP: 1/12
  5154 | D:5      | Found a snail-covered altar of Cheibriados.
  5262 | D:5      | Became a worshipper of Cheibriados the Contemplative
  5454 | D:5      | Noticed a moth of wrath
  5600 | D:5      | Found a bloodstained altar of Trog.
  5750 | D:5      | Found a basalt altar of Yredelemnul.
  6162 | D:5      | Reached skill level 10 in Earth Magic
  6589 | D:5      | Reached * piety under Cheibriados
  6591 | D:5      | Noticed Grinder
  6613 | D:5      | Gained mutation: You sometimes lose your temper in combat.
                  | [potion of mutation]
  6618 | D:5      | Killed Grinder
  6619 | D:5      | Reached skill level 11 in Earth Magic
  6619 | D:5      | Reached XP level 9. HP: 16/45 MP: 1/15
  6943 | D:6      | Reached skill level 12 in Earth Magic
  7109 | D:6      | Found Kaddoq's Weapon Emporium.
  7387 | D:6      | Reached skill level 13 in Earth Magic
  7388 | D:6      | Reached ** piety under Cheibriados
  7465 | D:6      | Noticed Edmund
  7469 | D:6      | Killed Edmund
  7784 | D:6      | Reached skill level 14 in Earth Magic
  7966 | D:6      | Found a glowing golden altar of the Shining One.
  7967 | D:6      | Found an ornate altar of the Wu Jian Council.
  8131 | D:6      | Found a runed translucent door.
  8131 | D:6      | Noticed drpainis's ghost (amateur MfSu)
  8239 | D:6      | Found a sacrificial altar of Ru.
  8240 | D:6      | Found a hide-covered altar of Uskayaw.
  8284 | D:6      | Killed drpainis's ghost
  8285 | D:6      | Reached XP level 10. HP: 49/50 MP: 4/16
  8376 | D:3      | Killed Setbun's ghost
  8377 | D:3      | Reached skill level 15 in Earth Magic
  8534 | D:7      | Reached *** piety under Cheibriados
  8588 | D:7      | Reached skill level 1 in Fighting
  8588 | D:7      | Reached skill level 1 in Armour
  8873 | D:7      | Found a shimmering altar of Xom.
  9080 | D:7      | Found a white marble altar of Elyvilon.
  9335 | D:7      | Reached **** piety under Cheibriados
  9446 | D:7      | Found a staircase to the Ecumenical Temple.
  9534 | D:7      | Found Xupnaoll's Antique Armour Shop.
  9644 | D:7      | Found a blossoming altar of Fedhas.
  9663 | D:7      | Found a shadowy altar of Dithmenos.
  9934 | D:1      | Bought a scroll of magic mapping for 90 gold pieces
 10152 | D:8      | Identified a scroll of acquirement
 10152 | D:8      | Acquired a +0 helmet of intelligence
 10221 | D:8      | Found a flagged portal.
 10230 | Bailey   | Entered a bailey
 10742 | Bailey   | Reached skill level 5 in Spellcasting
 10744 | Bailey   | Reached skill level 1 in Invocations
 10760 | Bailey   | Reached skill level 1 in Evocations
 10764 | Bailey   | Noticed an orc warlord
 10929 | Bailey   | Noticed a dire elephant
 10929 | Bailey   | an orc warlord changed into a dire elephant
 10943 | Bailey   | HP: 2/56 [dire elephant (14)]
 10944 | Bailey   | Mangled by a dire elephant

Illustrated notes

Levels and vault maps discovered:
D:1:      dpeg_arrival_chambers_temple_mockup, layout_basic, serial_shops,
          nicolae_shop_hallway_stairs, minmay_hedge_maze,
          chequers_serial_rivers_micro_d, st_stairs_2
D:2:      layout_basic, corexii_shack, chequers_arboretum, uniq_terence,
          uniq_robin
D:3:      layout_loops_cross, hellmonk_ghost_happy_afterlife, st_stairs_10
D:4:      kb_forest_paths, layout_basic
D:5:      layout_basic, lemuel_crystal_altar,
          lemuel_mausoleum_altar_yredelemnul, tgw_trog, zin_academy,
          uniq_grinder, uniq_eustachio, uniq_ijyb
D:6:      layout_rooms, mainiacjoe_overflow_big_doors,
          gammafunk_temple_overflow_wave, serial_shops, nicolae_take_the_stairs,
          gammafunk_ghost_grave, minmay_circle_x, uniq_edmund
D:7:      layout_basic, mainiacjoe_overflow_24_doors,
          mainiacjoe_overflow_tiny_flanked, nicolae_overflow_hidden_temple,
          mainiacjoe_overflow_paths, minmay_temple_entry_crystal_x,
          serial_shops, shop, minmay_liquid_box
D:8:      nicolae_cairo_tiling_large_dashed, layout_basic,
          lightli_temple_of_fire, enter_bailey_1, abandoned_shop,
          kennysheep_generic_room_9
Bailey:   bailey_axe_minmay_hex_keep, bailey

Skill      XL: |  1  2  3  4  5  6  7  8  9 10 |
---------------+-------------------------------+-----
Earth Magic    | 4 5 6 7 8 9 11 14 15 | 15.1
Dodging        | 2 3 |  3.3
Transmutations | 1 2 3 |  3.0
Conjurations   | 1 2 3 |  3.0
Spellcasting   | 3 4 5 |  5.0
Fighting       | 3 |  3.3
Armour         | 3 |  3.3
Invocations    | 1 |  1.3
Evocations     | 1 |  1.1
Stealth        | |  2.1

Action                   |  1- 3 |  4- 6 |  7- 9 | 10-12 || total
-------------------------+-------+-------+-------+-------++-------
Melee: Unarmed           |    12 |       |       |       ||    12
       Staff             |       |    42 |    87 |    60 ||   189
       Punch             |       |     1 |     1 |       ||     2
 Cast: Sandblast         |    42 |    93 |    57 |    59 ||   251
       Stone Arrow       |       |     2 |    94 |    53 ||   149
Evoke: Wand              |       |       |       |     9 ||     9
  Use: Potion            |       |     1 |     1 |     4 ||     6
       Scroll            |       |       |       |    16 ||    16
Armor: Robe              |     6 |       |       |       ||     6
       Ring mail         |       |    28 |    95 |    66 ||   189
Dodge: Dodged            |    18 |    38 |    87 |    90 ||   233
Block: Other             |       |       |       |    23 ||    23

Table legend: (Time is in decaauts)
 A = Elapsed time spent in this place.
 B = Non-inter-level travel time spent in this place.
 C = Inter-level travel time spent in this place.
 D = Time resting spent in this place.
 E = Time spent auto-exploring this place.
 F = Levels seen in this place.
 G = Mean time per level.
                   A        B        C        D        E       F      G
               +--------+--------+--------+--------+--------+-----+--------+
         Total |  12141 |  11282 |    859 |   1650 |   7850 |   9 | 1349.0 |
       Dungeon |  11329 |  10470 |    859 |   1474 |   7483 |   8 | 1416.1 |
        Bailey |    811 |    811 |      0 |    176 |    366 |   1 |  811.0 |
               +--------+--------+--------+--------+--------+-----+--------+

Top non-repeatable levels by time:
     D:5: 2491 daAuts
     D:6: 2045 daAuts
     D:1: 1775 daAuts
     D:7: 1565 daAuts
     D:2: 1180 daAuts
     D:4: 1099 daAuts
     D:3: 1053 daAuts
  Bailey: 811 daAuts
     D:8: 118 daAuts
